 Dungeon Sprint DCSS version 0.20.1-1-g8b1a95d (webtiles) character file.

11 groucho the Sneak (level 2, -5/13 HPs)
             Began as a Spriggan Enchanter on Oct 28, 2017.
             Slain by a neqoxec (14 damage)
             ... in the Dungeon (Sprint II: "The Violet Keep of Menkaure").
             The game lasted 00:01:09 (412 turns).

groucho the Sneak (Spriggan Enchanter)               Turns: 412, Time: 00:01:10

Health: -5/13      AC:  2    Str:  4      XL:     2   Next: 13%
Magic:  1/7        EV: 19    Int: 14 (16) God:
Gold:   243        SH:  0    Dex: 16      Spells: 5/8 levels left

rFire    . . .     SeeInvis +   a - +1 dagger
rCold    . . .     Gourm    .   (shield restricted)
rNeg     . . .     Faith    .   b - +0 robe
rPois    .         Spirit   .   (helmet restricted)
rElec    .         Reflect  .   (no cloak)
rCorr    .         Harm     .   (gloves unavailable)
MR       .....     NoTele   +   (boots unavailable)
Stlth    +++.......             (no amulet)
Regen    0.1/turn               (no ring)
MPRegen  0.1/turn               (no ring)

@: very slightly contaminated, very quick
A: unfitting armour, see invisible, herbivore 3, speed 3, slow metabolism 2
a: no special abilities


You were in the Dungeon.
You were not hungry.

You visited 1 branch You collected 243 gold pieces.

Inventory:

Hand Weapons
 a - a +1 dagger (weapon)
Armour
 b - a +0 robe (worn)
Scrolls
 j - a scroll of blinking
Potions
 e - a potion of curing
 h - 2 potions of magic
Books
 c - a book of Maledictions

   Spells                             Type                      Level
   a - Corona                         Hexes                        1
   b - Ensorcelled Hibernation        Hexes/Ice                    2
   c - Confuse                        Hexes                        3
   d - Tukima's Dance                 Hexes                        3
   e - Dazzling Spray                 Conjuration/Hexes            3
Comestibles
 d - a bread ration


   Skills:
 + Level 1.1 Short Blades
 + Level 3.5 Dodging
 + Level 6.0 Stealth
 + Level 3.6 Spellcasting
 + Level 4.7 Hexes


You had 5 spell levels left.
You knew the following spells:

 Your Spells              Type           Power        Failure   Level  Hunger
a - Corona                Hex            ###....      2%          1    None
b - Ensorcelled Hibernat  Hex/Ice        #.....       12%         2    ##.....


Dungeon Overview and Level Annotations

Branches:
Dungeon (1/1)

Altars:

Shops:
D [=:!%!


Innate Abilities, Weirdness & Mutations

You are very small and have problems with some larger weapons.
You are too small for most types of armour.
You have supernaturally acute eyesight. (SInv)
You are a herbivore.
You cover ground extremely quickly.
You need consume almost no food.


Message History

Aim: a neqoxec (chance to defeat MR: 24%)
The neqoxec resists with almost no effort.
The neqoxec hits you!
Ouch! That really hurt!
* * * LOW HITPOINT WARNING * * *
Casting: Ensorcelled Hibernation
Confirm with . or Enter, or press ? or * to list all spells.
You don't have enough magic to cast that spell.
Unknown command.
There is an open door here.
You close the door.
A neqoxec opens the door.
You feel much better.
The neqoxec gestures.
You closely miss the neqoxec. The neqoxec hits you. x2
A neqoxec opens the door.
The neqoxec completely misses you.
Found six shops.
The neqoxec hits you!
Ouch! That really hurt!
You die...

. ∩. ### ## .∩.
#55##5# ∩...
####33.# # ....#
#.###'# .##
∩...#≈###.##3##.m.#
+≈'@##'.35+$#
∩.∩.#≈#333##.##...#
▓▓### ##5###+# .##
#### ###


w#w # .. .. ##. .## ## ## You could see 3 neqoxecs and a quasit.

Vanquished Creatures
  3 worms (D)
3 creatures vanquished.

Vanquished Creatures (others)
  A crocodile (D)
1 creature vanquished.

Grand Total: 4 creatures vanquished

Notes
Turn   | Place    | Note
-------+----------+-------------------------------------------
     0 | D        | groucho the Spriggan Enchanter began the quest for the Orb.
     0 | D        | Reached XP level 1. HP: 9/9 MP: 5/5
     1 | D        | Noticed a merfolk siren
     5 | D        | Noticed a tyrant leech
     5 | D        | Noticed a tyrant leech
    12 | D        | Reached skill level 5 in Stealth
    25 | D        | Killed a crocodile
   379 | D        | Reached skill level 6 in Stealth
   379 | D        | Reached XP level 2. HP: 13/13 MP: 5/7
   387 | D        | Learned a level 2 spell: Ensorcelled Hibernation
   394 | D        | Noticed a neqoxec
   394 | D        | Noticed a neqoxec
   394 | D        | Noticed a neqoxec
   394 | D        | Noticed a neqoxec
   398 | D        | Noticed a crimson imp
   411 | D        | Found Xyigis's Distillery.
   411 | D        | Found Quxyd's Distillery.
   411 | D        | Found Usu Cea's Book Emporium.
   411 | D        | Found Bolu's Jewellery Shoppe.
   411 | D        | Found Faofess's Food Shoppe.
   411 | D        | Found Sutobbutt's Antique Armour Emporium.
   412 | D        | Slain by a neqoxec

Skill      XL: |  1 |
---------------+----+-----
Stealth        | 6 |  6.0
Spellcasting   | 3 |  3.6
Hexes          | 4 |  4.7
Short Blades   | |  1.1
Dodging        | |  3.5

Action                   || total
-------------------------++-------
Melee: Dagger            ||    16
 Cast: Ensorcelled Hiber ||     2
  Use: Potion            ||     3
 Stab: Sleeping          ||     2
Dodge: Dodged            ||     6
